 Dungeon Crawl Stone Soup version 0.30.1-6-gbe392663c4 (webtiles) character file.

Game seed: 12779518258880114237

128 booth the Chopper (level 5, -1/43 HPs)
             Began as a Gnoll Reaver on Sept 20, 2023.
             Slain by Duvessa
             ... wielding a +2 rapier of electrocution
              (10 damage)
             ... on level 3 of the Dungeon.
             The game lasted 00:15:18 (2678 turns).

booth the Chopper (Gnoll Reaver)                    Turns: 2678, Time: 00:15:19

Health: -1/43      AC:  4    Str:  9 (12) XL:     5   Next: 11%
Magic:  12/12      EV: 12    Int:  8 (10) God:
Gold:   144        SH:  0    Dex: 11 (12) Spells: 7/14 levels left

rFire   . . .        a - +1 hand axe
rCold   . . .        (no shield)
rNeg    . . .        b - +0 leather armour
rPois   .            (no helmet)
rElec   .            (no cloak)
rCorr   .            i - +0 pair of gloves
SInv    +            (no boots)
Will    +....        (no amulet)
Stlth   +            n - ring of willpower
HPRegen 0.27/turn    s - ring of see invisible
MPRegen 0.13/turn

%: no passive effects
@: hasted, very quick
A: fangs 1, strong nose, distributed training, dopey 1
a: no special abilities


You were on level 3 of the Dungeon.
You visited 1 branch of the dungeon, and saw 4 of its levels.

You collected 144 gold pieces.

Inventory:

Hand Weapons
 a - a +1 hand axe (weapon)
Armour
 b - a +0 leather armour (worn)
 d - a +0 ring mail
 i - a +0 pair of gloves (worn)
Jewellery
 n - a ring of willpower (left hand)
 s - a ring of see invisible (right hand)
Potions
 l - a potion of might
 u - a potion of magic


   Skills:
 + Level 4.7 Fighting
 + Level 1.4 Short Blades
 + Level 1.4 Long Blades
 + Level 6.7 Axes
 + Level 1.4 Maces & Flails
 + Level 1.4 Polearms
 + Level 1.4 Staves
 + Level 1.4 Ranged Weapons
 + Level 1.4 Throwing
 + Level 1.4 Armour
 + Level 4.7 Dodging
 + Level 1.4 Stealth
 + Level 1.4 Shields
 + Level 1.4 Unarmed Combat
 + Level 5.2 Spellcasting
 + Level 5.5 Conjurations
 + Level 1.1 Hexes
 + Level 1.1 Summonings
 + Level 1.1 Necromancy
 + Level 1.1 Translocations
 + Level 1.1 Transmutations
 + Level 1.1 Fire Magic
 + Level 1.1 Ice Magic
 + Level 1.1 Air Magic
 + Level 1.1 Earth Magic
 + Level 1.1 Poison Magic
 + Level 1.6 Invocations
 + Level 1.4 Evocations


You had 7 spell levels left.
You knew the following spells:

 Your Spells              Type           Power      Damage    Failure   Level
a - Kiss of Death         Conj/Necr      28%        2d7       9%          1
b - Momentum Strike       Conj/Tloc      14%        3d8       14%         2
c - Hailstorm             Conj/Ice       7%         3d4       26%         3
d - Summon Small Mammal   Summ           12%        N/A       22%         1

Your spell library contained the following spells:

 Spells                   Type           Power      Damage    Failure   Level
 Call Canine Familiar     Summ           3%         N/A       54%         3
 Summon Guardian Golem    Hex/Summ       3%         N/A       54%         3


Dungeon Overview and Level Annotations

Branches:
Dungeon (4/15)
 Temple: D:4-7

Altars:

Annotations:
D:3 Dowan, Duvessa


Innate Abilities, Weirdness & Mutations

You have very sharp teeth.
Your uncanny sense of smell can sniff out nearby items.
Your experience applies equally to all skills.
You are dopey. (Int -2)


Message History

You closely miss Dowan.
Dowan is lightly wounded.
You barely miss Duvessa. Dowan hits you with a +0 dagger. Duvessa misses you.
You hit Dowan.
Dowan is moderately wounded.
You hit Duvessa but do no damage.
Dowan looks more healthy.
Dowan hits you with a +0 dagger. Duvessa closely misses you.
You hit Dowan but do no damage.
Dowan is moderately wounded.
You hit Duvessa but do no damage.
Duvessa looks more healthy.
Dowan hits you with a +0 dagger. Duvessa barely misses you.
You closely miss Dowan.
Dowan is moderately wounded.
You hit Duvessa. Dowan misses you.
Duvessa hits you with a +2 rapier of electrocution.
You closely miss Dowan.
Dowan is moderately wounded.
You hit Duvessa but do no damage. Dowan completely misses you.
Duvessa hits you with a +2 rapier of electrocution!
You hit Dowan but do no damage.
Dowan is moderately wounded.
You hit Duvessa. You hit Dowan.
Dowan is heavily wounded.
You barely miss Duvessa. Dowan misses you. Duvessa misses you.
You feel yourself speed up.
Dowan says, "My weaknesses are her strengths!"
Dowan hits you with a +0 dagger.
Duvessa hits you with a +2 rapier of electrocution!
* * * LOW HITPOINT WARNING * * *
You feel much better. Dowan hits you with a +0 dagger.
Duvessa hits you with a +2 rapier of electrocution!
You hit Dowan.
Dowan is heavily wounded.
You hit Duvessa.
Dowan points at you and mumbles some strange words.
The puff of flame hits you!
* * * LOW HITPOINT WARNING * * *
Duvessa hits you with a +2 rapier of electrocution!
You die...

#....#...###.#####.##.# #
#.##.#.#)....## #.##.# #
#.##...#####..# #.##.# #
#.###..#####..####.##.# #
#.# #...........##.##.# #
#.###..............##.###
#.......####..#.<........
#......)####..###########
#####...@e...............
#>...e.............##
####################


You could see Duvessa and Dowan.

Vanquished Creatures
  A scorpion (D:4)
  An adder (D:2)
  2 worms
  2 dart slugs
  An orc (D:3)
  2 ball pythons
  3 bats
  5 endoplasms
  2 giant cockroaches
  4 goblins
  6 hobgoblins
  2 jackals (D:2)
  7 frilled lizards
  5 kobolds
  4 rats
47 creatures vanquished.

Notes
Turn   | Place    | Note
-------+----------+-------------------------------------------
     0 | D:1      | booth the Gnoll Reaver began the quest for the Orb.
     0 | D:1      | Reached XP level 1. HP: 20/20 MP: 6/6
   157 | D:1      | Found a faded altar of an unknown god.
   317 | D:1      | Reached XP level 2. HP: 26/26 MP: 7/7
   589 | D:1      | Learned a level 2 spell: Momentum Strike
  1242 | D:2      | Reached skill level 5 in Spellcasting
  1242 | D:2      | Reached XP level 3. HP: 31/31 MP: 7/9
  1417 | D:2      | Reached skill level 1 in Invocations
  1552 | D:2      | Reached skill level 1 in Short Blades
  1552 | D:2      | Reached skill level 1 in Long Blades
  1552 | D:2      | Reached skill level 1 in Maces & Flails
  1552 | D:2      | Reached skill level 1 in Polearms
  1552 | D:2      | Reached skill level 1 in Staves
  1552 | D:2      | Reached skill level 1 in Ranged Weapons
  1552 | D:2      | Reached skill level 1 in Throwing
  1552 | D:2      | Reached skill level 1 in Armour
  1552 | D:2      | Reached skill level 1 in Stealth
  1552 | D:2      | Reached skill level 1 in Shields
  1552 | D:2      | Reached skill level 1 in Unarmed Combat
  1552 | D:2      | Reached skill level 1 in Evocations
  1922 | D:3      | Reached XP level 4. HP: 36/38 MP: 11/11
  2441 | D:3      | Learned a level 3 spell: Hailstorm
  2443 | D:3      | Learned a level 1 spell: Summon Small Mammal
  2446 | D:3      | Gained mutation: You are vulnerable to cold. (rC-) [potion
                  | of mutation]
  2446 | D:3      | Gained mutation: You are partially covered in iridescent
                  | scales. (AC +2) [potion of mutation]
  2446 | D:3      | Gained mutation: Your movements are slightly less
                  | encumbered by armour. (ER -2) [potion of mutation]
  2447 | D:3      | Lost mutation: Your movements are slightly less encumbered
                  | by armour. (ER -2) [potion of mutation]
  2447 | D:3      | Lost mutation: You are partially covered in iridescent
                  | scales. (AC +2) [potion of mutation]
  2447 | D:3      | Lost mutation: You are vulnerable to cold. (rC-) [potion of
                  | mutation]
  2447 | D:3      | Gained mutation: You are dopey. (Int -2) [potion of
                  | mutation]
  2531 | D:4      | Noticed a scorpion
  2542 | D:4      | Killed a scorpion
  2543 | D:4      | Reached skill level 1 in Hexes
  2543 | D:4      | Reached skill level 1 in Summonings
  2543 | D:4      | Reached skill level 1 in Necromancy
  2543 | D:4      | Reached skill level 1 in Translocations
  2543 | D:4      | Reached skill level 1 in Transmutations
  2543 | D:4      | Reached skill level 1 in Fire Magic
  2543 | D:4      | Reached skill level 1 in Ice Magic
  2543 | D:4      | Reached skill level 1 in Air Magic
  2543 | D:4      | Reached skill level 1 in Earth Magic
  2543 | D:4      | Reached skill level 1 in Poison Magic
  2543 | D:4      | Reached XP level 5. HP: 9/43 MP: 12/12
  2656 | D:4      | Noticed Duvessa
  2656 | D:4      | Noticed Dowan
  2678 | D:3      | Slain by Duvessa

Illustrated notes

Levels and vault maps discovered:
D:1:      tekkud_arrival_beachfront_property, layout_basic,
          chequers_ecumenical_altar_simple
D:2:      layout_basic, eino_tiny_chamber
D:3:      minmay_wonky_spiral, layout_loops_ring
D:4:      layout_loops_ring, kiku_gazebo_garden_becter, hex_large,
          kennysheep_small_circle, uniq_duvessa

Skill      XL: |  1  2  3  4 |
---------------+-------------+-----
Spellcasting   | 5 |  5.2
Invocations    | 1 |  1.6
Short Blades   | 1 |  1.4
Long Blades    | 1 |  1.4
Maces & Flails | 1 |  1.4
Polearms       | 1 |  1.4
Staves         | 1 |  1.4
Ranged Weapons | 1 |  1.4
Throwing       | 1 |  1.4
Armour         | 1 |  1.4
Stealth        | 1 |  1.4
Shields        | 1 |  1.4
Unarmed Combat | 1 |  1.4
Evocations     | 1 |  1.4
Hexes          | 1 |  1.1
Summonings     | 1 |  1.1
Necromancy     | 1 |  1.1
Translocations | 1 |  1.1
Transmutations | 1 |  1.1
Fire Magic     | 1 |  1.1
Ice Magic      | 1 |  1.1
Air Magic      | 1 |  1.1
Earth Magic    | 1 |  1.1
Poison Magic   | 1 |  1.1
Fighting       | |  4.7
Axes           | |  6.7
Dodging        | |  4.7
Conjurations   | |  5.5

Action                     |  1- 3 |  4- 6 || total
---------------------------+-------+-------++-------
  Melee: Hand axe          |   111 |    41 ||   152
         Bite              |    14 |     1 ||    15
         Punch             |     1 |     1 ||     2
  Throw: Dart              |     2 |     5 ||     7
    Use: Potion            |     3 |    14 ||    17
         Scroll            |     3 |     2 ||     5
   Stab: Sleeping          |       |     1 ||     1
 Armour: Leather armour    |    28 |     7 ||    35
  Dodge: Dodged            |    50 |    20 ||    70
